 Dungeon Crawl Stone Soup version 0.19-a0-1166-g02d67b9 (webtiles) character file.

115 seren the Ruffian (level 5, -12/73 HPs)
             Began as a Naga Fighter on Aug 14, 2016.
             Mangled by an apocalypse crab (19 damage)
             ... on level 1 of the Abyss.
             The game lasted 00:09:23 (2318 turns).

seren the Ruffian (Naga Fighter)                    Turns: 2318, Time: 00:09:24

Health: -12/73     AC:  5    Str: 23    XL:     5   Next: 0%
Magic:  5/5        EV:  5    Int:  8    God:
Gold:   79         SH:  9    Dex: 12    Spells: 0 memorised, 4 levels left

rFire  . . .     SeeInvis +       - Unarmed
rCold  . . .     Gourm    .     a - +0 scale mail
rNeg   . . .     Faith    .     b - +0 shield
rPois  +         Spirit   .     (no helmet)
rElec  .         Dismiss  .     (no cloak)
rCorr  .         Reflect  .     (no gloves)
MR     .....     Harm     .     (no barding)
Stlth  ..........               (no amulet)
                                (no ring)
                                (no ring)

@: berserking, slowed, very slow
A: see invisible, deformed body, poison resistance, slowness 2, slow metabolism
1, spit poison 2, AC +1
a: Spit Poison


You were on level 1 of the Abyss.
You were not hungry.

You visited 1 branch of the dungeon, and saw 3 of its levels.
You visited the Abyss 1 time.

You collected 79 gold pieces.

Inventory:

Missiles
 c - 19 stones (quivered)
Armour
 a - a +0 scale mail (worn)
 b - a +0 shield (worn)
 g - a +0 leather armour of poison resistance
 q - a +0 pair of gloves
Scrolls
 o - a scroll of recharging {unknown}
Potions
 i - a potion of degeneration {unknown}
 j - a potion of cure mutation {unknown}
 m - 2 potions of curing
 r - a potion of agility {unknown}
 s - a potion of resistance {unknown}
 t - a potion of heal wounds {unknown}
Books
 p - a book of Fire

   Spells                             Type                      Level
   a - Ignite Poison                  Fire/Transmutation/Poison    3
   b - Fireball                       Conjuration/Fire             5
   c - Bolt of Fire                   Conjuration/Fire             6
   d - Delayed Fireball               Conjuration/Fire             7
   e - Ring of Flames                 Charms/Fire                  7
Comestibles
 d - a bread ration
 h - 2 beef jerkies
 k - 2 meat rations


   Skills:
 - Level 3.0 Fighting
 - Level 2.4 Armour
 - Level 2.4 Shields
 + Level 5.0 Unarmed Combat


You had 4 spell levels left.
You didn't know any spells.

Dungeon Overview and Level Annotations

Branches:
Dungeon (3/15)

Altars:


Innate Abilities, Weirdness & Mutations

You cannot wear boots.
Your serpentine skin is tough. (AC +1)
You have supernaturally acute eyesight. (SInv)
Armour fits poorly on your strangely shaped body.
Your system is resistant to poisons. (rPois)
You cover ground very slowly.
You have a slow metabolism.
You can spit poison.


Message History

You are suddenly pulled into a different region of the Abyss!
Found a corrupted altar of Lugonu.
You have got your breath back.
You are suddenly pulled into a different region of the Abyss!
Found a corrupted altar of Lugonu.
An apocalypse crab comes into view.
The apocalypse crab breathes chaos at you.
The blast of chaos engulfs you!
You are blasted!
You are engulfed in seething chaos.
You feel yourself slow down. The apocalypse crab bites you!
A red film seems to cover your vision as you go berserk!
You feel yourself moving faster!
You feel mighty! The apocalypse crab claws you!
The apocalypse crab freezes you!!
Unknown command.
The apocalypse crab bites you!
* * * LOW HITPOINT WARNING * * *
A chill runs through your body. The apocalypse crab claws you!
* * * LOW HITPOINT WARNING * * *
The apocalypse crab freezes you!!
You die...

# . .. ..#... #
..##.### . . #. ..#
#.. ..#..#..# #
####...##..#.#
####...t......#.###
#... ....####.§...#
...#.#.#§§§ ......#
#
#@#.#........._#.#
#.t.#.### ####.#.#
#####.# ..#.# ###
#.#.# # #.# #.# # #
# # #.#


You could see an apocalypse crab.

Vanquished Creatures
  7 adders (D:2)
  An ooze (D:2)
  A worm (D:2)
  2 dart slugs
  2 giant cockroaches
  3 goblins
  9 hobgoblins
  2 jackals (D:2)
  4 kobolds
  2 ball pythons (D:2)
  4 bats
  6 rats
43 creatures vanquished.

Notes
Turn   | Place    | Note
-------+----------+-------------------------------------------
     0 | D:1      | seren the Naga Fighter began the quest for the Orb.
     0 | D:1      | Reached XP level 1. HP: 21/21 MP: 1/1
   288 | D:1      | Reached XP level 2. HP: 28/28 MP: 2/2
   586 | D:1      | Reached skill level 3 in Unarmed Combat
   923 | D:2      | Found a faded altar of an unknown god.
   947 | D:2      | Reached XP level 3. HP: 32/34 MP: 3/3
  1275 | D:2      | Reached skill level 4 in Unarmed Combat
  1460 | D:2      | Reached XP level 4. HP: 11/42 MP: 4/4
  2189 | D:3      | Reached skill level 5 in Unarmed Combat
  2204 | D:3      | Reached XP level 5. HP: 49/49 MP: 5/5
  2244 | D:3      | Cast into level 1 of the Abyss (goblin)
  2244 | Abyss:1  | Found a corrupted altar of Lugonu.
  2246 | Abyss:1  | Found a corrupted altar of Lugonu.
  2268 | Abyss:1  | Found a corrupted altar of Lugonu.
  2302 | Abyss:1  | Found a corrupted altar of Lugonu.
  2310 | Abyss:1  | Noticed an apocalypse crab
  2318 | Abyss:1  | Mangled by an apocalypse crab

Vault maps used:
D:1:      saegor_arrival_simple_f, minmay_pentomino_o2
D:2:      ecumenical_altar_2
D:3:      uniq_terence
Abyss:1:  guppyfry_abyss_exit_imp_island

Skill      XL: |  1  2  3  4 |
---------------+-------------+-----
Unarmed Combat | 3 4 5 |  5.0
Fighting       | |  3.0
Armour         | |  2.4
Shields        | |  2.4

Action                   |  1- 3 |  4- 6 || total
-------------------------+-------+-------++-------
Melee: Unarmed           |   136 |    51 ||   187
 Abil: Spit Poison       |     5 |    12 ||    17
  Use: Potion            |     1 |       ||     1
       Scroll            |       |     4 ||     4
  Eat: Chunk             |     1 |     3 ||     4
Armor: Scale mail        |    45 |    14 ||    59
Dodge: Dodged            |    22 |     4 ||    26
Block: Shield            |    48 |    26 ||    74
